AoeStats
← Vollbusige

Arena

505703572Analyzed
2v2 RM · 23d ago on Sep 10, 2026· 26m 23s· 4 players
Game mode
Random Map
Map size
Medium (4 player)
Population
200
Speed
Normal
Resources
Standard
Victory
Conquest
Starting age
Dark Age
Ending age
Imperial Age
RankedLock teamsTeams togetherTeam positionsShared explorationLock speedFull tech treeHidden civsTurbo modeCheats
Victory
Defeat
🇩🇪 Celts · Germany
951
+13
🇩🇪 Bohemians · Germany
856
+17
🇹🇷 Magyars · Türkiye
921
-16
🇵🇹 Britons · Portugal
854
-14
Bongoboy
10:36 Feudal Age
12:00 Double-Bit Axe
13:36 Loom
16:05 Castle Age
14:51 Forging
14:55 Scale Mail Armor
14:27 Man-at-Arms
15:56 Horse Collar
16:40 Long Swordsman
19:50 Arson
26:18 Wheelbarrow
Vollbusige
10:56 Feudal Age
11:39 Double-Bit Axe
14:48 Horse Collar
19:27 Castle Age
21:37 Bow Saw
Sir KuBo PC
0:37 Loom
12:51 Feudal Age
14:19 Wheelbarrow
13:36 Double-Bit Axe
13:48 Horse Collar
17:57 Gold Mining
18:05 Stone Mining
19:59 Arson
19:56 Man-at-Arms
21:45 Fletching
22:49 Forging
buraktan86
0:27 Loom
11:20 Feudal Age
11:52 Double-Bit Axe
14:36 Horse Collar
19:34 Castle Age
17:33 Stone Mining
17:56 Gold Mining
21:29 Husbandry
22:14 Fletching
24:09 Light Cavalry
26:21 Heavy Plow
27:01 Scale Barding Armor
Connection lost

Rejoining the realm…

Still unreachable

The connection could not be restored.

Session expired

The server has moved on; the page needs a fresh start.